 Dungeon Crawl Stone Soup version 0.22.0-75-g3901e79 (webtiles) character file.

79 Fang the Skirmisher (level 4, -4/29 HPs)
             Began as a Gargoyle Berserker on Sept 14, 2018.
             Was a Believer of Trog.
             Slain by Sigmund
             ... wielding a +0 scythe
              (5 damage)
             ... on level 2 of the Dungeon.
             The game lasted 00:01:15 (1017 turns).

Fang the Skirmisher (Gargoyle Berserker)            Turns: 1017, Time: 00:01:15

Health: -4/29      AC:  5    Str: 22    XL:     4   Next: 38%
Magic:  4/4        EV: 12    Int:  7    God:    Trog [**....]
Gold:   116        SH:  0    Dex:  9    Spells: 3/3 levels left

rFire    . . .     SeeInvis .   a - +0 hand axe
rCold    . . .     Gourm    .   (no shield)
rNeg     + . .     Faith    .   b - +0 animal skin
rPois    ∞         Spirit   .   (no helmet)
rElec    +         Reflect  .   (no cloak)
rCorr    +         Harm     .   (no gloves)
MR       .....                  (no boots)
Stlth    +.........             (no amulet)
HPRegen  0.09/turn              g - ring of resist corrosion
MPRegen  0.09/turn              (no ring)

@: berserk cooldown, slowed, very slow
A: negative energy resistance 1, electricity resistance, unbreathing,
petrification resistance, rot immunity, AC +3
a: Berserk, Trog's Hand, Renounce Religion


You were on level 2 of the Dungeon.
You worshipped Trog.
Trog was pleased with you.
You were very hungry.

You visited 1 branch of the dungeon, and saw 2 of its levels.

You collected 116 gold pieces.

Inventory:

Hand Weapons
 a - a +0 hand axe (weapon)
Armour
 b - a +0 animal skin (worn)
Jewellery
 g - a ring of resist corrosion (left hand)
 i - an uncursed ring of protection from fire {unknown}
Scrolls
 f - 5 scrolls of identify {unknown}
 h - 3 scrolls of blinking {unknown}
 k - a scroll of immolation {unknown}
 l - a scroll of fog {unknown}
 m - a scroll of amnesia {unknown}
 n - a scroll of remove curse {unknown}
 o - a scroll of random uselessness {unknown}
Potions
 d - a potion of invisibility {unknown}
 e - a potion of agility {unknown}
 j - 2 potions of resistance {unknown}
Comestibles
 c - 4 rations


   Skills:
 + Level 3.9 Fighting
 + Level 3.6 Axes
 + Level 2.3 Armour
 + Level 2.3 Dodging
 + Level 0.2 Stealth


You had 3 spell levels left.
You didn't know any spells.
Your spell library was empty.

Dungeon Overview and Level Annotations

Branches:
Dungeon (2/15)

Altars:

Annotations:
D:2 Sigmund


Innate Abilities, Weirdness & Mutations

You are resistant to torment.
Your stone body is resilient. (AC +3)
You are immune to poison.
You resist negative energy. (rN+)
You are resistant to electric shocks. (rElec)
You can survive without breathing.
You are immune to petrification.
You are immune to rotting.


Message History

Deactivating autopickup; reactivate with Ctrl-A.
No target in view!
No target in view!
No target in view!
No target in view!
No target in view!
No target in view!
No target in view!
No target in view!
No target in view!
No target in view!
No target in view!
No target in view!
You closely miss something. Something hits you but does no damage.
You miss something. Something hits you!
* * * LOW HITPOINT WARNING * * *
You miss something. Something hits you!
* * * LOW HITPOINT WARNING * * *
You closely miss something. Something hits you.
You die...

##.##.###.........#
##.#...##.######..#
#...†#....# #..#
#..#...#### #..#
#..##.##########..#
#..##.............#
#..#########.......
#..# #.####.# #.@#
#.# #.# #.{# #.#
#.# #..# #.# #.#
#..# #.# #.# #..#
##.####.# #..#
#.......#
#..########..######
#.......(....#
########.###


There were no monsters in sight!

Vanquished Creatures
  Jessica (D:2)
  2 adders (D:2)
  An ooze (D:1)
  A leopard gecko (D:1)
  2 bats (D:1)
  4 giant cockroaches (D:1)
  2 goblins
  4 hobgoblins
  6 jackals (D:1)
  2 frilled lizards (D:1)
  A kobold (D:2)
  3 rats
29 creatures vanquished.

Vanquished Creatures (others)
  4 toadstools (D:1)
4 creatures vanquished.

Grand Total: 33 creatures vanquished

Notes
Turn   | Place    | Note
-------+----------+-------------------------------------------
     0 | D:1      | Fang the Gargoyle Berserker began the quest for the Orb.
     0 | D:1      | Reached XP level 1. HP: 14/14 MP: 1/1
    80 | D:1      | Reached XP level 2. HP: 19/19 MP: 2/2
   157 | D:1      | Reached XP level 3. HP: 24/24 MP: 3/3
   522 | D:2      | Noticed Jessica
   525 | D:2      | Killed Jessica
   525 | D:2      | Reached XP level 4. HP: 29/29 MP: 4/4
   654 | D:2      | Reached ** piety under Trog
  1009 | D:2      | Noticed Sigmund
  1016 | D:2      | HP: 1/29 [something (7)]
  1017 | D:2      | Slain by Sigmund

Skill      XL: |  1  2  3 |
---------------+----------+-----
Axes           | 3 |  3.6
Dodging        | 2 |  2.3
Fighting       | |  3.9
Armour         | |  2.3
Stealth        | |  0.2

Action                   |  1- 3 |  4- 6 || total
-------------------------+-------+-------++-------
Melee: Hand axe          |    56 |    28 ||    84
Invok: Berserk           |     2 |     2 ||     4
  Eat: Chunk             |       |     3 ||     3
Armor: Animal skin       |    21 |     6 ||    27
Dodge: Dodged            |    43 |    16 ||    59
